 Dungeon Crawl Stone Soup version 0.20.0-1-g1cb1d84 (webtiles) character file.

8235 glosham the Basher (level 11, 78/105 HPs)
             Began as a Troll Berserker on May 26, 2017.
             Was a High Priest of Trog.
             Quit the game on level 9 of the Dungeon.
             The game lasted 01:23:40 (6663 turns).

glosham the Basher (Troll Berserker)                Turns: 6663, Time: 01:23:41

Health: 78/105     AC:  6    Str: 27    XL:     11   Next: 7%
Magic:  10/10      EV: 11    Int:  5    God:    Trog [*****.]
Gold:   287        SH:  0    Dex: 10    Spells: 10/10 levels left

rFire    . . .     SeeInvis .   a - +4 giant spiked club
rCold    + . .     Gourm    +   (shield currently unavailable)
rNeg     . . .     Faith    .   X - +1 animal skin
rPois    .         Spirit   .   (helmet restricted)
rElec    .         Reflect  .   (no cloak)
rCorr    .         Harm     .   (gloves unavailable)
MR       .....                  (boots unavailable)
Stlth    +.........             (no amulet)
Regen    0.7/turn               A - ring of protection from cold
MPRegen  0.2/turn               (no ring)

@: drained
A: unfitting armour, claws 3, fast metabolism 3, gourmand, regeneration 1,
shaggy fur 1, tough skin 2
a: Berserk, Trog's Hand, Brothers in Arms, Burn Spellbooks, Renounce Religion


You were on level 9 of the Dungeon.
You worshipped Trog.
Trog was extremely pleased with you.
You were very full.

You visited 1 branch of the dungeon, and saw 9 of its levels.
You also visited: Ossuary.

You collected 430 gold pieces.
You spent 143 gold pieces at shops.

Inventory:

Hand Weapons
 a - a +4 giant spiked club (weapon)
 b - a +2 whip of electrocution
Missiles
 c - 11 large rocks
 d - 310 stones (quivered)
 i - 21 arrows
 r - 2 tomahawks
 u - 14 bolts
Armour
 X - a +1 animal skin (worn)
 Y - a -2 cloak
Jewellery
 v - an uncursed ring of see invisible {unknown}
 A - a ring of protection from cold (left claw)
Wands
 h - a wand of confusion (32/48)
 D - a wand of digging (14/24)
 Q - a wand of digging (11/24)
Scrolls
 l - a scroll of identify
 o - 9 scrolls of remove curse
 p - 6 scrolls of teleportation
 t - a scroll of fear
 B - a scroll of fog
 H - a scroll of blinking
 L - a scroll of enchant armour
Potions
 e - 8 potions of curing
 f - a potion of flight {unknown}
 g - 3 potions of haste {unknown}
 k - 2 potions of magic
 m - 5 potions of lignification
 n - 3 potions of heal wounds
 q - 4 potions of brilliance
 w - 2 potions of might {unknown}
 z - 4 potions of degeneration {unknown}
 E - a potion of invisibility {unknown}
 F - a potion of ambrosia {unknown}
 M - 2 potions of cancellation {unknown}
Comestibles
 j - 6 chunks of flesh
 s - 8 bread rations


   Skills:
 + Level 6.2(5.7) Fighting
 * Level 11.9(11.3) Maces & Flails
 * Level 6.1(5.6) Throwing
 + Level 4.6(4.1) Dodging
 - Level 3.8(3.3) Unarmed Combat


You had 10 spell levels left.
You didn't know any spells.

Dungeon Overview and Level Annotations

Branches:
Dungeon (9/15)             Temple (0/1) D:7            Lair (0/6) D:8
    Orc: D:9-12

Altars:
Elyvilon

Shops:
D:4 !   D:5 :   D:7 %


Innate Abilities, Weirdness & Mutations

You are too large for most types of armour.
You have claws for hands.
Your metabolism is lightning-fast.
You like to eat raw meat.
Your natural rate of healing is unusually fast.
You are covered in fur. (AC +1)
You have very tough skin. (AC +2)


Message History

Trog accepts your kill.
You see here a tomahawk.
r - a tomahawk A centaur comes into view.
r - 2 tomahawks (gained 1)
Items here: )) [ †† a short sword; a flail; a glowing scale mail; an orc corpse x2
Things that are here:
a hand axe; a scale mail
Items here: )) [ †† a short sword; a flail; a glowing scale mail; an orc corpse x2
Butcher an orc corpse? [(y)es/(c)hoosy/(n)o/(a)ll/(e)dible/(q)uit/?]
You butcher the orc corpse. x2
j - 5 chunks of flesh (gained 1);
j - 6 chunks of flesh (gained 1)
Items here: )) [ ÷ a short sword; a flail; a glowing scale mail; an orc skeleton
Things that are here:
a hand axe; a scale mail
d - 307 stones (gained 1)
d - 308 stones (gained 1)
Found 14 bolts.
d - 309 stones (gained 1)
d - 310 stones (gained 1)
You see here 14 bolts.
u - 14 bolts
Found a shiny steel ring and a potion of lignification.
There is a shaft here.
v - a shiny steel ring
m - 5 potions of lignification (gained 1)
Found 19 stones.
An orc and an orc wizard come into view.
The orc is wielding a mace of protection.
The orc shouts!
The orc wizard moves out of view.
An orc priest comes into view. It is wielding a whip.
Saving game... please wait.
Welcome back, glosham the Troll Berserker.
Trog says: Kill them all!
Press ? for a list of commands and other information.
Are you sure you want to abandon this character and quit the game? (Confirm with "yes".)

# #.......####.# .. #
#............###... #
#.................. #
##............##....
####.........#...#.... .
.....########......# ...
..^...#######....#.#o... ..
#####...##.......#.o...o.# ...
.# ###....#.##.@...# .### ..
)#### #......##.......# ..# .#
))..###.###..##....(.### #.##.#
###..##.####............###....#
####.#<.#.............#..#....#
..........# .##.......##.#....#
.........##.# ....###......##.#
.........##.##....# ##......<.#
......c....... #.##..####


You could see an orc priest (wandering), an orc wizard (wandering) and an orc.

Vanquished Creatures
  2 two-headed ogres (D:8)
  Pikel (D:6)
  The ghost of Shinoi the Zephyrmancer, a novice TeAE of Vehumet (D:5)
  Grinder (D:6)
  3 hippogriffs
  5 yaks (D:8)
  A wyvern (D:8)
  A steam dragon (D:9)
  A basilisk (D:8)
  Menkaure (D:7)
  Duvessa (D:6)
  An orc warrior (D:8)
  A hornet zombie (D:7)
  2 sky beasts
  4 slaves (D:6)
  A phantom (D:4)
  A necrophage (D:8)
  4 black bears
  6 ogres
  3 centaurs
  A crocodile (D:8)
  Blork the orc (D:5)
  A bullfrog (D:9)
  3 water moccasin zombies (Ossuary)
  4 scorpions
  Dowan (D:6)
  11 wights
  A howler monkey (D:5)
  4 crimson imps
  A quasit (D:7)
  A bullfrog skeleton (D:5)
  6 hounds
  7 orc wizards
  A centaur skeleton (D:4)
  4 orc priests
  Crazy Yiuf (D:4)
  A jelly (D:7)
  5 worker ants
  2 iguanas
  A killer bee zombie (D:8)
  2 big kobold zombies (Ossuary)
  A hound skeleton (D:5)
  3 mummies
  A worker ant zombie (D:4)
  8 adders
  11 gnolls
  A shadow imp (D:8)
  2 oozes (D:4)
  6 adder zombies
  4 worms
  A dart slug (D:1)
  3 leopard geckos
  25 orcs
  3 bats
  7 giant cockroaches
  4 goblins
  3 hobgoblins (D:3)
  14 jackals
  6 kobolds
  4 quokkas
  4 frilled lizards
  A gnoll zombie (Ossuary)
  A goblin zombie (D:8)
  A hobgoblin zombie (Ossuary)
  7 kobold zombies
  2 leopard gecko zombies
  5 orc zombies (Ossuary)
  8 rats
236 creatures vanquished.

Notes
Turn   | Place    | Note
-------+----------+-------------------------------------------
     0 | D:1      | glosham the Troll Berserker began the quest for the Orb.
     0 | D:1      | Reached XP level 1. HP: 22/22 MP: 0/0
    32 | D:2      | Reached XP level 2. HP: 27/29 MP: 1/1
   267 | D:4      | Noticed an ogre
   276 | D:4      | Killed an ogre
   276 | D:4      | Reached skill level 3 in Fighting
   276 | D:4      | Reached XP level 3. HP: 17/39 MP: 2/2
   276 | D:4      | Reached XP level 4. HP: 22/48 MP: 3/3
   304 | D:4      | Reached skill level 4 in Fighting
   306 | D:4      | Reached XP level 5. HP: 41/55 MP: 4/4
   559 | D:2      | Reached ** piety under Trog
  1056 | D:1      | Reached skill level 1 in Maces & Flails
  1493 | D:2      | Reached skill level 2 in Maces & Flails
  1734 | D:3      | Found a faded altar of an unknown god.
  1835 | D:3      | Reached XP level 6. HP: 46/63 MP: 5/5
  2003 | D:3      | Found a white marble altar of Elyvilon.
  2173 | D:4      | Reached skill level 3 in Maces & Flails
  2263 | D:4      | Found Poboint's Distillery.
  2274 | D:4      | Bought a potion of lignification for 39 gold pieces
  2274 | D:4      | Bought a potion of curing for 39 gold pieces
  2274 | D:4      | Bought a potion of heal wounds for 65 gold pieces
  2351 | D:4      | Reached *** piety under Trog
  2507 | D:4      | Reached skill level 4 in Maces & Flails
  2668 | D:4      | Found a runed door.
  2672 | D:4      | Noticed Crazy Yiuf
  2677 | D:4      | Killed Crazy Yiuf
  2715 | D:5      | Entered Level 5 of the Dungeon
  2753 | D:4      | Reached XP level 7. HP: 41/71 MP: 6/6
  2889 | D:5      | Reached skill level 5 in Maces & Flails
  2904 | D:5      | Noticed Shinoi's ghost (novice TeAE)
  2919 | D:5      | Killed Shinoi's ghost
  2919 | D:5      | Reached skill level 6 in Maces & Flails
  3029 | D:5      | Reached XP level 8. HP: 79/79 MP: 7/7
  3086 | D:5      | Reached skill level 7 in Maces & Flails
  3364 | D:5      | Noticed Blork the orc
  3374 | D:5      | Killed Blork the orc
  3374 | D:5      | Reached skill level 8 in Maces & Flails
  3395 | D:5      | Found Werergh's Book Emporium.
  3591 | D:6      | Noticed Grinder
  3604 | D:6      | Paralysed by Grinder for 2 turns
  3619 | D:6      | Killed Grinder
  3630 | D:6      | Reached skill level 9 in Maces & Flails
  3823 | D:6      | Noticed Dowan
  3824 | D:6      | Noticed Duvessa
  3827 | D:6      | Killed Dowan
  3840 | D:6      | Killed Duvessa
  3877 | D:6      | Noticed Pikel
  3903 | D:6      | Killed Pikel
  3903 | D:6      | Reached skill level 10 in Maces & Flails
  3904 | D:6      | Reached XP level 9. HP: 85/85 MP: 8/8
  4123 | D:6      | Reached **** piety under Trog
  4186 | D:6      | Received a gift from Trog
  4536 | D:7      | Reached skill level 1 in Throwing
  4566 | D:7      | Found Hofe's Food Shop.
  4652 | D:7      | Noticed Menkaure
  4660 | D:7      | Killed Menkaure
  4698 | D:7      | Reached skill level 2 in Throwing
  4888 | D:7      | Reached skill level 3 in Dodging
  4937 | D:7      | Reached skill level 5 in Fighting
  4937 | D:7      | Reached skill level 3 in Throwing
  5063 | D:7      | Found a staircase to the Ecumenical Temple.
  5141 | D:8      | Found a staircase to the Lair.
  5169 | D:8      | Reached skill level 11 in Maces & Flails
  5169 | D:8      | Reached XP level 10. HP: 65/96 MP: 9/9
  5192 | D:8      | Noticed a two-headed ogre
  5202 | D:8      | Killed a two-headed ogre
  5202 | D:8      | Reached skill level 4 in Throwing
  5259 | D:8      | Noticed a two-headed ogre
  5263 | D:8      | Killed a two-headed ogre
  5264 | D:8      | Received a gift from Trog
  5317 | D:8      | Reached skill level 4 in Dodging
  5424 | D:8      | Reached skill level 5 in Throwing
  5499 | D:8      | Found a sand-covered staircase.
  5504 | Ossuary  | Entered an ossuary
  5514 | Ossuary  | Reached ***** piety under Trog
  5897 | D:8      | Received a gift from Trog
  6111 | D:8      | Reached skill level 6 in Fighting
  6281 | D:8      | Reached XP level 11. HP: 29/105 MP: 10/10
  6287 | D:8      | HP: 9/105 [orc priest/hand axe (3)]
  6288 | D:8      | Reached skill level 6 in Throwing
  6507 | D:9      | HP: 8/105 [something (6)]
  6663 | D:9      | Quit the game

Skill      XL: |  1  2  3  4  5  6  7  8  9 10 11 |
---------------+----------------------------------+-----
Fighting       | 3 4 5 6 |  6.2
Maces & Flails | 2 4 6 10 11 | 11.9
Throwing       | 3 5 6 |  6.1
Dodging        | 3 4 |  4.6
Unarmed Combat | |  3.8

Action                   |  1- 3 |  4- 6 |  7- 9 | 10-12 || total
-------------------------+-------+-------+-------+-------++-------
Melee: Unarmed           |    29 |   171 |       |       ||   200
       Punch             |     2 |     1 |     1 |       ||     4
       Giant spiked club |       |    23 |   232 |   250 ||   505
       Mace              |       |       |     2 |       ||     2
       Whip              |       |       |    22 |     4 ||    26
Throw: Stone             |     6 |     2 |       |     4 ||    12
       Large rock        |       |       |       |     9 ||     9
Invok: Berserk           |       |     3 |    13 |     8 ||    24
  Use: Scroll            |       |    13 |     6 |     2 ||    21
 Stab: Sleeping          |       |       |     1 |       ||     1
  Eat: Chunk             |     7 |    25 |    36 |    23 ||    91
Armor: Animal skin       |     4 |    77 |    78 |    64 ||   223
Dodge: Dodged            |     9 |    87 |   118 |   113 ||   327

Table legend:
 A = Turns spent in this place as a percentage of turns spent in the entire game.
 B = Non-inter-level travel turns spent in this place as a percentage of non-inter-level travel turns spent in the entire game.
 C = Inter-level travel turns spent in this place as a percentage of turns spent in this place.
 D = Turns resting spent in this place as a percentage of non-inter-level travel turns spent in this place.
 E = Turns spent auto-exploring this place as a percentage of non-inter-level travel turns spent in this place.
 F = Non-inter-level travel turns spent in this place divided by the number of levels of this place that you've seen.
                   A       B       C       D       E      F
               +-------+-------+-------+-------+-------+----------------------
         Total | 100.0 | 100.0 |   0.4 |   0.8 |   0.5 | 476.7
       Dungeon |  96.4 |  96.3 |   0.4 |   0.7 |   0.5 | 510.3
       Ossuary |   3.6 |   3.7 |   0.0 |   4.6 |   0.0 | 174.0
               +-------+-------+-------+-------+-------+----------------------

Table legend:
 A = Kills in this place as a percentage of kills in entire the game.
 B = Kills by you in this place as a percentage of kills by you in the entire game.
 C = Kills by friends in this place as a percentage of kills by friends in the entire game.
 D = Other kills in this place as a percentage of other kills in the entire game.
 E = Experience gained in this place as a percentage of experience gained in the entire game.
 F = Experience gained in this place divided by the number of levels of this place that you have seen.
                   A       B       C       D       E      F
               +-------+-------+-------+-------+-------+----------------------
         Total | 100.0 | 100.0 |  -nan |  -nan | 100.0 | 1176.5
       Dungeon |  89.2 |  89.2 |  -nan |  -nan |  96.9 | 1267.0
       Ossuary |  10.8 |  10.8 |  -nan |  -nan |   3.1 | 362.0
               +-------+-------+-------+-------+-------+----------------------

Vault maps used:
D:1:      shiori_shiawase, st_stairs_12
D:3:      chequers_ecumenical_altar_simple_redux, minivault_14, elyvilon_altar_4
D:4:      minmay_opposing_rooms, serial_shops, shop, uniq_crazy_yiuf_cottage
D:5:      serial_shops, nicolae_shop_competitors_out_of_business, first_bread,
          uniq_blork_the_orc
D:6:      uniq_pikel, uniq_grinder, uniq_duvessa
D:7:      temple_green, serial_shops, shop, uniq_menkaure
D:8:      david_lair_generic, nicolae_ossuary_entry_giza
Ossuary:  ossuary_tomb_2
